Crunch vs Penguins (R1)

Created - June 21, 2022 at 21:05

Goals
1 2 3 OT1 T
Crunch 2 3 1 0 6
Penguins 4 2 0 1 7
Shots
1 2 3 OT1 T
Crunch 5 16 10 0 31
Penguins 16 27 6 1 50

1st period

1. Crunch , Teemu Hartikainen 50 (Anatoli Golyshev 10, Dylan Strome 31) at 7:06
2. Penguins , Max Gortz 13 (Dakota Mermis 31) at 8:34
3. Penguins , Frederick Gaudreau 17 (Anthony Beauvillier 17, Danny Biega 20) at 8:55
4. Penguins , Max Gortz 14 (Andrew O'Brien 31, Connor Hellebyuk) at 15:28
5. Crunch , Dalton Smith 16 (Jacob Larsson 5, Denis Gurianov 27) at 17:00
6. Penguins , Sam Kurker 2 (Denis Malgin 3, Andrew O'Brien 32) at 19:31

Penalties :
Sean Walker (Syr) for Hooking (Minor) at 4:00

2nd period

7. Crunch , Dylan Strome 23 (Dalton Smith 19, Jayson Megna 26) at 4:35
8. Crunch , Anthony Cirelli 13 (Dylan Strome 32, Michael Ferland 22) at 7:36
9. Penguins , Anthony Beauvillier 20 (Frederick Gaudreau 44) at 7:57
10. Penguins , Kyle Connor 35 (Anthony Beauvillier 18, Frederick Gaudreau 45) at 9:01 (PP)
11. Crunch , Roman Josi 3 (Unassisted) at 12:17

Penalties :
Jayson Megna (Syr) for Holding (Minor) at 2:22, Teemu Hartikainen (Syr) for Tripping (Minor) at 8:04

3rd period

12. Crunch , Dylan Strome 24 (Anthony Cirelli 28, Michael Ferland 23) at 9:20

Penalties :
Gavin Bayreuther (Wil) for Interference (Minor) at 14:21

Overtime #1

13. Penguins , Christopher Tanev 7 (Max Gortz 7, Anthony Beauvillier 19) at 2:18

Penalties :
No Penalty

Goalie Stats

Kaapo Kahkonen (Syr), 31 saves from 34 shots - (0.912), OTL, 17-23-8, 42:47 minutes
Josef Korenar (Syr), 12 saves from 16 shots - (0.750), 19:31 minutes
Connor Hellebyuk (Wil), 25 saves from 31 shots - (0.806), W, 28-29-3, 62:18 minutes

Players Stats for Crunch

Player Name              G  A  P  +/- PIM S  H  SB GA TA FO     MP     PP MP  PK MP  
------------------------------------------------------------------------------------
Anatoli Golyshev         0  1  1   1  0   1  1  0  0  0  0/0     6:09   0:00   0:00 
Anthony Cirelli          1  1  2  -2  0   2  0  1  2  0  1/2    20:09   0:57   1:21 
Brock Boeser             0  0  0  -1  0   1  0  0  1  0  0/0    21:06   0:53   2:38 
Charles-Olivier Roussel  0  0  0   0  0   0  0  0  0  0  0/0    10:08   0:00   0:00 
Connor Bunnaman          0  0  0   1  0   0  1  0  0  0  3/7    11:49   0:00   0:00 
Dalton Smith             1  1  2   2  0   3  3  0  2  0  0/0    13:03   0:00   0:29 
Denis Gurianov           0  1  1   1  0   5  0  0  0  0  0/0    12:18   0:09   0:00 
Dylan Strome             2  2  4  -1  0   8  2  2  0  0  9/16   19:14   0:57   0:58 
Jacob Larsson            0  1  1   0  0   0  0  0  0  1  0/0     7:02   0:00   0:00 
Jared Staal              0  0  0   0  0   0  0  0  0  0  0/0     1:51   0:19   0:00 
Jayson Megna             0  1  1  -1  2   2  1  0  0  0  22/36  18:37   0:48   0:39 
Jeremy Lauzon            0  0  0   0  0   0  0  1  0  0  0/0     7:02   0:00   0:00 
Jordan Oesterle          0  0  0   0  0   0  4  3  0  1  0/0    26:21   1:11   3:01 
Kyle Capobianco          0  0  0   0  0   0  0  0  0  0  0/0     0:00   0:00   0:00 
Matt Roy                 0  0  0   0  0   1  2  1  0  1  0/0    18:47   0:48   1:54 
Max McCormick            0  0  0   0  0   0  0  0  0  0  0/0     1:43   0:09   0:00 
Michael Downing          0  0  0   0  0   0  0  0  0  0  0/0     0:00   0:00   0:00 
Michael Ferland          0  2  2  -1  0   3  2  0  1  1  0/0    18:02   0:57   0:00 
Mitch Callahan           0  0  0   1  0   0  0  0  0  0  0/0     6:09   0:00   0:00 
Noah Hanifin             0  0  0   0  0   0  1  2  1  1  0/0    18:47   0:48   1:54 
Pierre-Luc Dubois        0  0  0   0  0   0  0  0  0  0  2/3     3:25   0:00   2:03 
Roman Josi               1  0  1   0  0   1  4  1  0  1  0/0    26:21   1:11   3:01 
Sean Walker              0  0  0   0  2   0  0  0  0  0  0/0    10:23   0:00   0:00 
Teemu Hartikainen        1  0  1   0  2   4  2  1  3  0  3/6    25:47   0:48   1:42 

Players Stats for Penguins

Player Name              G  A  P  +/- PIM S  H  SB GA TA FO     MP     PP MP  PK MP  
------------------------------------------------------------------------------------
Adam Brooks              0  0  0   1  0   1  2  0  0  0  2/2    10:34   0:12   0:00 
Andrew O'Brien           0  2  2   3  0   2  0  1  0  0  0/0    26:53   1:51   1:15 
Anthony Beauvillier      1  3  4   1  0   3  0  0  2  1  0/0    17:02   2:10   0:00 
Cedric Paquette          0  0  0  -2  0   3  0  0  1  0  9/27   23:34   1:43   0:57 
Christopher Tanev        1  0  1   3  0   5  0  3  0  3  0/0    26:53   1:51   1:15 
Curtis Hamilton          0  0  0   1  0   4  1  0  0  0  0/0    12:18   0:47   0:43 
Dakota Mermis            0  1  1   0  0   2  1  2  0  1  0/0    21:41   2:12   0:44 
Danny Biega              0  1  1   0  0   1  2  0  0  1  0/0    21:41   2:12   0:44 
Denis Malgin             0  1  1  -1  0   2  2  0  0  0  0/3     9:26   0:45   0:25 
Frederick Gaudreau       1  2  3   1  0   4  3  0  0  0  16/27  17:23   2:15   0:18 
Gavin Bayreuther         0  0  0  -3  2   2  1  0  0  1  0/0    13:52   0:52   0:00 
German Rubtsov           0  0  0   0  0   0  0  0  0  0  0/0     0:00   0:00   0:00 
Iven Barbashev           0  0  0  -2  0   4  6  0  2  0  0/2    21:23   1:43   0:00 
John Marino              0  0  0  -3  0   1  0  0  0  0  0/0    13:44   0:52   0:00 
Juuso Ikonen             0  0  0   0  0   1  0  0  1  0  1/2     8:24   0:09   0:00 
Kyle Connor              1  0  1   1  0   4  0  2  0  2  0/1    17:42   2:16   0:37 
Max Gortz                2  1  3   1  0   5  0  1  0  0  0/0    12:44   0:53   0:00 
Sam Kurker               1  0  1   0  0   4  0  0  0  0  0/1     8:24   0:09   0:00 
William Nylander         0  0  0  -2  0   2  3  1  0  1  2/5    23:34   1:43   0:58 

3 Stars

1 - Dylan Strome (Syr)
2 - Max Gortz (Wil)
3 - Anthony Beauvillier (Wil)

Power Play

Crunch - 0 on 1 Attempt(s) - 0.00%
Penguins - 1 on 4 Attempt(s) - 25.00%

Penalty Kill

Crunch - 3 on 4 Attempt(s) - 75.00% - Score 0 goal in Penalty Kill
Penguins - 1 on 1 Attempt(s) - 100.00% - Score 0 goal in Penalty Kill

Team Stat

Crunch - Hits : 23 - Faceoff Wins : 40 - Blocked Shots : 12 - Penalty Minutes : 6
Penguins - Hits : 21 - Faceoff Wins : 30 - Blocked Shots : 10 - Penalty Minutes : 2

Official

Referees : Kendrick Nicholson and Chris Rooney
Linesman : Ryan Galloway and Shandor Alphonso

Game Notes

Kaapo Kahkonen enters game at 19:31 of 1st period
12:17 of 2nd period - Penalty Shot by Roman Josi for Crunch - Goal!

Finance

Level 1 -- Attendance: 1653 (82.65%) -- Ticket Income $57,855
Level 2 -- Attendance: 820 (82.00%) -- Ticket Income $12,300
Total Attendance: 2473 (82.43%)
Total Ticket Income: $70,155
Other Income: $3,508
Total Income: $73,663

Crunch

5 vs 5 Forward 
   Center                   Left Wing                Right Wing               Time % Phy DF OF 
 1 Jayson Megna             Teemu Hartikainen        Brock Boeser             40     1   2  2  
 2 Dylan Strome             Michael Ferland          Anthony Cirelli          30     1   2  2  
 3 Connor Bunnaman          Dalton Smith             Denis Gurianov           20     1   2  2  
 4 Teemu Hartikainen        Anatoli Golyshev         Mitch Callahan           10     1   2  2  

5 vs 5 Defense 
   Defense                  Defense                                           Time % Phy DF OF 
 1 Roman Josi               Jordan Oesterle                                   40     1   2  2  
 2 Noah Hanifin             Matt Roy                                          30     1   2  2  
 3 Charles-Olivier Roussel  Sean Walker                                       20     1   2  2  
 4 Jeremy Lauzon            Jacob Larsson                                     10     1   2  2  

PowerPlay Forward 
   Center                   Left Wing                Right Wing               Time % Phy DF OF 
 1 Jayson Megna             Teemu Hartikainen        Brock Boeser             60     1   2  2  
 2 Dylan Strome             Michael Ferland          Anthony Cirelli          40     1   2  2  

PowerPlay Defense
   Defense                  Defense                                           Time % Phy DF OF 
 1 Roman Josi               Jordan Oesterle                                   60     1   2  2  
 2 Noah Hanifin             Matt Roy                                          40     1   2  2  

Penalty Kill 4 Players Forward 
   Center                   Wing                     Time % Phy DF OF 
 1 Teemu Hartikainen        Brock Boeser             60     1   2  2  
 2 Jayson Megna             Anthony Cirelli          40     1   2  2  

Penalty Kill 4 Players Defense
   Defense                  Defense                  Time % Phy DF OF 
 1 Roman Josi               Jordan Oesterle          60     1   2  2  
 2 Noah Hanifin             Matt Roy                 40     1   2  2  

Penalty Kill - 3 Players Forward 
   Forward                                           Time % Phy DF OF 
 1 Teemu Hartikainen                                 60     1   2  2  
 2 Brock Boeser                                      40     1   2  2  

Penalty Kill - 3 Players Defense
   Defense                  Defense                  Time % Phy DF OF 
 1 Roman Josi               Jordan Oesterle          60     1   2  2  
 2 Noah Hanifin             Matt Roy                 40     1   2  2  

4 vs 4 Forward 
   Center                   Wing                     Time % Phy DF OF 
 1 Teemu Hartikainen        Brock Boeser             60     1   2  2  
 2 Jayson Megna             Anthony Cirelli          40     1   2  2  

4 vs 4 Defense
   Defense                  Defense                  Time % Phy DF OF 
 1 Roman Josi               Jordan Oesterle          60     1   2  2  
 2 Noah Hanifin             Matt Roy                 40     1   2  2  

Last Minutes Offensive
   Center                   Left Wing                Right Wing               Defense                  Defense                  
   Jayson Megna             Teemu Hartikainen        Brock Boeser             Roman Josi               Jordan Oesterle          

Last Minutes Defensive
   Center                   Left Wing                Right Wing               Defense                  Defense                  
   Jayson Megna             Teemu Hartikainen        Brock Boeser             Roman Josi               Jordan Oesterle          

Goaltenders
Starting : Josef Korenar            
Backup : Kaapo Kahkonen           

Extra Forwards
Normal : Jared Staal, Max McCormick, Pierre-Luc Dubois - PP : Jared Staal, Max McCormick - PK : Pierre-Luc Dubois
Extra Defensemen
Normal : Michael Downing, Kyle Capobianco, Charles-Olivier Roussel - PP : Michael Downing - PK : Kyle Capobianco, Charles-Olivier Roussel
Penalty Shots
Teemu Hartikainen, Brock Boeser, Jayson Megna, Anthony Cirelli, Michael Ferland

Scratches
Christoffer Ehn (Bruised Right Shoulder Injury)

Penguins

5 vs 5 Forward 
   Center                   Left Wing                Right Wing               Time % Phy DF OF 
 1 Cedric Paquette          William Nylander         Iven Barbashev           40     1   2  2  
 2 Frederick Gaudreau       Kyle Connor              Anthony Beauvillier      30     1   2  2  
 3 Adam Brooks              Curtis Hamilton          Max Gortz                20     1   2  2  
 4 Denis Malgin             Juuso Ikonen             Sam Kurker               10     1   2  2  

5 vs 5 Defense 
   Defense                  Defense                                           Time % Phy DF OF 
 1 Christopher Tanev        Andrew O'Brien                                    40     1   2  2  
 2 Dakota Mermis            Danny Biega                                       30     1   2  2  
 3 Gavin Bayreuther         John Marino                                       20     1   2  2  
 4 Christopher Tanev        Andrew O'Brien                                    10     1   2  2  

PowerPlay Forward 
   Center                   Left Wing                Right Wing               Time % Phy DF OF 
 1 Cedric Paquette          William Nylander         Iven Barbashev           60     1   2  2  
 2 Frederick Gaudreau       Kyle Connor              Anthony Beauvillier      40     1   2  2  

PowerPlay Defense
   Defense                  Defense                                           Time % Phy DF OF 
 1 Christopher Tanev        Andrew O'Brien                                    60     1   2  2  
 2 Dakota Mermis            Danny Biega                                       40     1   2  2  

Penalty Kill 4 Players Forward 
   Center                   Wing                     Time % Phy DF OF 
 1 Cedric Paquette          William Nylander         60     1   2  2  
 2 Frederick Gaudreau       Kyle Connor              40     1   2  2  

Penalty Kill 4 Players Defense
   Defense                  Defense                  Time % Phy DF OF 
 1 Christopher Tanev        Andrew O'Brien           60     1   2  2  
 2 Dakota Mermis            Danny Biega              40     1   2  2  

Penalty Kill - 3 Players Forward 
   Forward                                           Time % Phy DF OF 
 1 Cedric Paquette                                   60     1   2  2  
 2 Frederick Gaudreau                                40     1   2  2  

Penalty Kill - 3 Players Defense
   Defense                  Defense                  Time % Phy DF OF 
 1 Christopher Tanev        Andrew O'Brien           60     1   2  2  
 2 Dakota Mermis            Danny Biega              40     1   2  2  

4 vs 4 Forward 
   Center                   Wing                     Time % Phy DF OF 
 1 Cedric Paquette          William Nylander         60     1   2  2  
 2 Frederick Gaudreau       Kyle Connor              40     1   2  2  

4 vs 4 Defense
   Defense                  Defense                  Time % Phy DF OF 
 1 Christopher Tanev        Andrew O'Brien           60     1   2  2  
 2 Dakota Mermis            Danny Biega              40     1   2  2  

Last Minutes Offensive
   Center                   Left Wing                Right Wing               Defense                  Defense                  
   Cedric Paquette          William Nylander         Iven Barbashev           Christopher Tanev        Andrew O'Brien           

Last Minutes Defensive
   Center                   Left Wing                Right Wing               Defense                  Defense                  
   Cedric Paquette          William Nylander         Iven Barbashev           Christopher Tanev        Andrew O'Brien           

Goaltenders
Starting : Connor Hellebyuk         
Backup : Anthony Stolarz          

Extra Forwards
Normal : Kyle Connor, Anthony Beauvillier, Max Gortz - PP : Kyle Connor, Anthony Beauvillier - PK : Kyle Connor
Extra Defensemen
Normal : Danny Biega, Gavin Bayreuther, John Marino - PP : Danny Biega - PK : Danny Biega, Gavin Bayreuther
Penalty Shots
William Nylander, Cedric Paquette, Frederick Gaudreau, Iven Barbashev, Kyle Connor

Scratches
Brett Pollock (Healthy), Josh Ho-Sang (Healthy), Josh Jooris (Healthy), Matthew Finn (Healthy), Raphael Bussieres (Healthy)
Steven Spinner (Healthy)

% Time on Ice - Crunch

Lines # - Real PCT - Wanted PCT - Time Play
Normal Forward
1 - 32% - 40% - 17:10
2 - 34% - 30% - 17:58
3 - 22% - 20% - 11:49
4 - 12% - 10% - 6:09
Normal Defense
1 - 39% - 40% - 20:47
2 - 29% - 30% - 15:09
3 - 19% - 20% - 10:08
4 - 13% - 10% - 7:02
PP Forward
1 - 52% - 60% - 1:02
2 - 48% - 40% - 0:57
PP Defense
1 - 60% - 60% - 1:11
2 - 40% - 40% - 0:48
PK Forward
1 - 73% - 60% - 3:34
2 - 27% - 40% - 1:21
PK Defense
1 - 61% - 60% - 3:01
2 - 39% - 40% - 1:54
PK3 Forward
1 - 0% - 60%
2 - 0% - 40%
PK3 Defense
1 - 0% - 60%
2 - 0% - 40%
44 Forward
1 - 78% - 60% - 1:47
2 - 22% - 40% - 0:31
44 Defense
1 - 59% - 60% - 1:22
2 - 41% - 40% - 0:56
Last Minute Offensive  - 0:00
Last Minute Defensive  - 0:00
Total
Forward - 62:18
Defense - 62:18

% Time on Ice - Penguins

Lines # - Real PCT - Wanted PCT - Time Play
Normal Forward
1 - 38% - 40% - 20:11
2 - 27% - 30% - 14:31
3 - 20% - 20% - 10:22
4 - 15% - 10% - 8:02
Normal Defense
1 - 37% - 40% - 19:30
2 - 34% - 30% - 17:49
3 - 24% - 20% - 12:39
4 - 6% - 10% - 3:08
PP Forward
1 - 36% - 60% - 1:46
2 - 64% - 40% - 3:09
PP Defense
1 - 55% - 60% - 2:43
2 - 45% - 40% - 2:12
PK Forward
1 - 85% - 60% - 1:41
2 - 15% - 40% - 0:18
PK Defense
1 - 63% - 60% - 1:15
2 - 37% - 40% - 0:44
PK3 Forward
1 - 0% - 60%
2 - 0% - 40%
PK3 Defense
1 - 0% - 60%
2 - 0% - 40%
44 Forward
1 - 82% - 60% - 1:53
2 - 18% - 40% - 0:25
44 Defense
1 - 59% - 60% - 1:22
2 - 41% - 40% - 0:56
Last Minute Offensive  - 0:00
Last Minute Defensive  - 0:00
Total
Forward - 62:18
Defense - 62:18

Play-by-Play

1st period


0:01 of 1st period - Jayson Megna wins face-off versus William Nylander in neutral zone.
0:04 of 1st period - Snap shot by Teemu Hartikainen.
0:04 of 1st period - Deflect By Brock Boeser.
0:04 of 1st period - Shot Misses the Net.
0:04 of 1st period - Puck is out of play.
0:05 of 1st period - Cedric Paquette wins face-off versus Jayson Megna in Penguins zone.
0:09 of 1st period - Off-side.
0:10 of 1st period - Cedric Paquette wins face-off versus Jayson Megna in neutral zone.
2:09 of 1st period - Icing by William Nylander.
2:10 of 1st period - Cedric Paquette wins face-off versus Dylan Strome in Penguins zone.
3:07 of 1st period - Wrist shot by Cedric Paquette.
3:07 of 1st period - Shot Blocked by Dylan Strome.
3:09 of 1st period - Slapshot by Andrew O'Brien.
3:09 of 1st period - Shot Blocked by Dylan Strome.
3:21 of 1st period - Wrist shot by Michael Ferland.
3:21 of 1st period - Stopped by Connor Hellebyuk without a rebound.
3:22 of 1st period - Connor Bunnaman wins face-off versus Frederick Gaudreau in Penguins zone.
3:47 of 1st period - Charles-Olivier Roussel is hit by Curtis Hamilton and loses puck.
3:58 of 1st period - Snap shot by Max Gortz.
3:58 of 1st period - Deflect By Adam Brooks.
3:58 of 1st period - Stopped by Josef Korenar with a rebound.
4:00 of 1st period - Minor Penalty to Sean Walker for Hooking.
4:01 of 1st period - Teemu Hartikainen wins face-off versus Frederick Gaudreau in Crunch zone.
4:49 of 1st period - Jayson Megna is hit by Denis Malgin.
6:00 of 1st period - Penalty to Sean Walker is over, Sean Walker is back on ice.
6:18 of 1st period - Icing by Teemu Hartikainen.
6:19 of 1st period - Dylan Strome wins face-off versus Juuso Ikonen in Crunch zone.
6:26 of 1st period - Juuso Ikonen is hit by Michael Ferland.
7:06 of 1st period - Wrist shot by Teemu Hartikainen.
7:06 of 1st period - Goal by Teemu Hartikainen - Crunch : 1 - Penguins : 0.
7:07 of 1st period - Frederick Gaudreau wins face-off versus Dylan Strome in neutral zone.
7:12 of 1st period - Snap shot by Kyle Connor.
7:12 of 1st period - Shot Misses the Net.
7:14 of 1st period - Backhand shot by Anthony Beauvillier.
7:14 of 1st period - Shot Misses the Net.
7:16 of 1st period - Snap shot by Kyle Connor.
7:16 of 1st period - Stopped by Josef Korenar with a rebound.
7:18 of 1st period - Wrist shot by Kyle Connor.
7:18 of 1st period - Shot Misses the Net.
8:34 of 1st period - Wrist shot by Max Gortz.
8:34 of 1st period - Goal by Max Gortz - Crunch : 1 - Penguins : 1.
8:35 of 1st period - Frederick Gaudreau wins face-off versus Jayson Megna in neutral zone.
8:41 of 1st period - Icing by Danny Biega.
8:42 of 1st period - Frederick Gaudreau wins face-off versus Jayson Megna in Penguins zone.
8:53 of 1st period - Slapshot by Anthony Beauvillier.
8:53 of 1st period - Stopped by Josef Korenar with a rebound.
8:55 of 1st period - Snap shot by Frederick Gaudreau.
8:55 of 1st period - Goal by Frederick Gaudreau - Crunch : 1 - Penguins : 2.
8:56 of 1st period - Frederick Gaudreau wins face-off versus Jayson Megna in neutral zone.
8:58 of 1st period - Off-side.
8:59 of 1st period - Frederick Gaudreau wins face-off versus Jayson Megna in neutral zone.
10:16 of 1st period - Snap shot by William Nylander.
10:16 of 1st period - Stopped by Josef Korenar with a rebound.
10:28 of 1st period - Snap shot by Cedric Paquette.
10:28 of 1st period - Stopped by Josef Korenar with a rebound.
10:30 of 1st period - Slapshot by Danny Biega.
10:30 of 1st period - Deflect By Roman Josi.
10:30 of 1st period - Stopped by Josef Korenar with a rebound.
10:32 of 1st period - Slapshot by Danny Biega.
10:32 of 1st period - Shot Misses the Net.
10:34 of 1st period - Backhand shot by Iven Barbashev.
10:34 of 1st period - Stopped by Josef Korenar without a rebound.
10:35 of 1st period - Jayson Megna wins face-off versus Frederick Gaudreau in Crunch zone.
10:44 of 1st period - Snap shot by Kyle Connor.
10:44 of 1st period - Shot Blocked by Noah Hanifin.
11:13 of 1st period - Wrist shot by Curtis Hamilton.
11:13 of 1st period - Shot Blocked by Jeremy Lauzon.
11:30 of 1st period - Snap shot by Denis Gurianov.
11:30 of 1st period - Stopped by Connor Hellebyuk without a rebound.
11:31 of 1st period - Juuso Ikonen wins face-off versus Jayson Megna in Penguins zone.
11:40 of 1st period - Snap shot by Sam Kurker.
11:40 of 1st period - Shot Misses the Net.
11:42 of 1st period - Slapshot by Gavin Bayreuther.
11:42 of 1st period - Stopped by Josef Korenar with a rebound.
11:44 of 1st period - Snap shot by Denis Malgin.
11:44 of 1st period - Stopped by Josef Korenar with a rebound.
11:46 of 1st period - Slapshot by John Marino.
11:46 of 1st period - Stopped by Josef Korenar with a rebound.
12:00 of 1st period - Snap shot by Juuso Ikonen.
12:00 of 1st period - Shot Blocked by Noah Hanifin.
12:02 of 1st period - Wrist shot by Juuso Ikonen.
12:02 of 1st period - Shot Misses the Net.
12:04 of 1st period - Snap shot by Andrew O'Brien.
12:04 of 1st period - Shot Blocked by Teemu Hartikainen.
12:06 of 1st period - Snap shot by Sam Kurker.
12:06 of 1st period - Stopped by Josef Korenar without a rebound.
12:07 of 1st period - Frederick Gaudreau wins face-off versus Dylan Strome in Crunch zone.
12:34 of 1st period - William Nylander is hit by Dalton Smith and loses puck.
13:57 of 1st period - Roman Josi is hit by Iven Barbashev and loses puck.
14:14 of 1st period - Anatoli Golyshev is hit by Adam Brooks and loses puck.
14:42 of 1st period - Slapshot by Dylan Strome.
14:42 of 1st period - Stopped by Connor Hellebyuk with a rebound.
15:28 of 1st period - Snap shot by Max Gortz.
15:28 of 1st period - Goal by Max Gortz - Crunch : 1 - Penguins : 3.
15:29 of 1st period - Frederick Gaudreau wins face-off versus Jayson Megna in neutral zone.
15:32 of 1st period - Teemu Hartikainen is hit by Frederick Gaudreau and loses puck.
15:43 of 1st period - Wrist shot by Kyle Connor.
15:43 of 1st period - Deflect By Frederick Gaudreau.
15:43 of 1st period - Deflect By Jordan Oesterle.
15:43 of 1st period - Stopped by Josef Korenar with a rebound.
15:55 of 1st period - Danny Biega is hit by Jordan Oesterle and loses puck.
16:23 of 1st period - Wrist shot by Denis Gurianov.
16:23 of 1st period - Deflect By Dalton Smith.
16:23 of 1st period - Shot Misses the Net.
16:23 of 1st period - Puck is out of play.
16:24 of 1st period - Jayson Megna wins face-off versus Frederick Gaudreau in Penguins zone.
16:49 of 1st period - Frederick Gaudreau is hit by Dalton Smith and loses puck.
16:54 of 1st period - Slapshot by Denis Gurianov.
16:54 of 1st period - Shot Misses the Net.
16:56 of 1st period - Slapshot by Dalton Smith.
16:56 of 1st period - Shot Misses the Net.
16:58 of 1st period - Slapshot by Jacob Larsson.
16:58 of 1st period - Shot Blocked by Dakota Mermis.
17:00 of 1st period - Snap shot by Jacob Larsson.
17:00 of 1st period - Deflect By Dalton Smith.
17:00 of 1st period - Goal by Dalton Smith - Crunch : 2 - Penguins : 3.
17:01 of 1st period - Jayson Megna wins face-off versus Cedric Paquette in neutral zone.
18:10 of 1st period - Mitch Callahan is hit by Gavin Bayreuther and loses puck.
19:31 of 1st period - Snap shot by Sam Kurker.
19:31 of 1st period - Goal by Sam Kurker - Crunch : 2 - Penguins : 4.
19:31 of 1st period - Kaapo Kahkonen enters game.
19:32 of 1st period - Jayson Megna wins face-off versus Cedric Paquette in neutral zone.
19:59 of 1st period - Andrew O'Brien is hit by Matt Roy and loses puck.
Goals for this period are 2 for Crunch vs 4 for Penguins.
Shots for this period are 5 for Crunch vs 16 for Penguins.

2nd period


0:01 of 2nd period - Cedric Paquette wins face-off versus Jayson Megna in neutral zone.
0:04 of 2nd period - Jacob Larsson is hit by William Nylander and loses puck.
0:15 of 2nd period - Wrist shot by Teemu Hartikainen.
0:15 of 2nd period - Shot Misses the Net.
0:32 of 2nd period - Snap shot by Michael Ferland.
0:32 of 2nd period - Stopped by Connor Hellebyuk with a rebound.
0:34 of 2nd period - Snap shot by Dylan Strome.
0:34 of 2nd period - Shot Misses the Net.
0:44 of 2nd period - Snap shot by Curtis Hamilton.
0:44 of 2nd period - Stopped by Kaapo Kahkonen with a rebound.
0:50 of 2nd period - Slapshot by Max Gortz.
0:50 of 2nd period - Stopped by Kaapo Kahkonen with a rebound.
0:52 of 2nd period - Wrist shot by Curtis Hamilton.
0:52 of 2nd period - Shot Misses the Net.
0:54 of 2nd period - Slapshot by Christopher Tanev.
0:54 of 2nd period - Stopped by Kaapo Kahkonen with a rebound.
0:56 of 2nd period - Wrist shot by Max Gortz.
0:56 of 2nd period - Stopped by Kaapo Kahkonen without a rebound.
0:57 of 2nd period - Jayson Megna wins face-off versus Iven Barbashev in Crunch zone.
1:04 of 2nd period - William Nylander is hit by Jayson Megna and loses puck.
1:23 of 2nd period - Frederick Gaudreau is hit by Dalton Smith.
1:52 of 2nd period - Snap shot by Michael Ferland.
1:52 of 2nd period - Stopped by Connor Hellebyuk with a rebound.
2:03 of 2nd period - Icing by Dylan Strome.
2:04 of 2nd period - Dylan Strome wins face-off versus Sam Kurker in Crunch zone.
2:17 of 2nd period - Wrist shot by Sam Kurker.
2:17 of 2nd period - Stopped by Kaapo Kahkonen without a rebound.
2:18 of 2nd period - Cedric Paquette wins face-off versus Jayson Megna in Crunch zone.
2:22 of 2nd period - Minor Penalty to Jayson Megna for Holding.
2:23 of 2nd period - Teemu Hartikainen wins face-off versus Cedric Paquette in Crunch zone.
4:04 of 2nd period - Andrew O'Brien is hit by Roman Josi and loses puck.
4:22 of 2nd period - Penalty to Jayson Megna is over, Jayson Megna is back on ice.
4:27 of 2nd period - Dylan Strome is hit by Danny Biega.
4:31 of 2nd period - Snap shot by Jayson Megna.
4:31 of 2nd period - Stopped by Connor Hellebyuk with a rebound.
4:33 of 2nd period - Snap shot by Dalton Smith.
4:33 of 2nd period - Shot Misses the Net.
4:35 of 2nd period - Snap shot by Dylan Strome.
4:35 of 2nd period - Goal by Dylan Strome - Crunch : 3 - Penguins : 4.
4:36 of 2nd period - Frederick Gaudreau wins face-off versus Jayson Megna in neutral zone.
4:52 of 2nd period - Icing by Teemu Hartikainen.
4:53 of 2nd period - Jayson Megna wins face-off versus Cedric Paquette in Crunch zone.
5:04 of 2nd period - Snap shot by Jayson Megna.
5:04 of 2nd period - Shot Misses the Net.
5:06 of 2nd period - Wrist shot by Brock Boeser.
5:06 of 2nd period - Shot Blocked by Christopher Tanev.
5:16 of 2nd period - Snap shot by Brock Boeser.
5:16 of 2nd period - Stopped by Connor Hellebyuk with a rebound.
5:18 of 2nd period - Snap shot by Jeremy Lauzon.
5:18 of 2nd period - Shot Blocked by William Nylander.
5:20 of 2nd period - Slapshot by Teemu Hartikainen.
5:20 of 2nd period - Stopped by Connor Hellebyuk without a rebound.
5:21 of 2nd period - Frederick Gaudreau wins face-off versus Dylan Strome in Penguins zone.
5:34 of 2nd period - Snap shot by Frederick Gaudreau.
5:34 of 2nd period - Stopped by Kaapo Kahkonen with a rebound.
5:36 of 2nd period - Wrist shot by Anthony Beauvillier.
5:36 of 2nd period - Stopped by Kaapo Kahkonen with a rebound.
6:28 of 2nd period - Slapshot by Noah Hanifin.
6:28 of 2nd period - Shot Misses the Net.
6:30 of 2nd period - Snap shot by Dylan Strome.
6:30 of 2nd period - Stopped by Connor Hellebyuk without a rebound.
6:31 of 2nd period - Dylan Strome wins face-off versus Kyle Connor in Penguins zone.
6:32 of 2nd period - Snap shot by Anthony Cirelli.
6:32 of 2nd period - Shot Misses the Net.
6:38 of 2nd period - Snap shot by Dylan Strome.
6:38 of 2nd period - Shot Blocked by Kyle Connor.
6:40 of 2nd period - Snap shot by Anthony Cirelli.
6:40 of 2nd period - Stopped by Connor Hellebyuk with a rebound.
6:42 of 2nd period - Snap shot by Dylan Strome.
6:42 of 2nd period - Stopped by Connor Hellebyuk with a rebound.
6:44 of 2nd period - Snap shot by Anthony Cirelli.
6:44 of 2nd period - Shot Misses the Net.
6:46 of 2nd period - Backhand shot by Anthony Cirelli.
6:46 of 2nd period - Shot Misses the Net.
6:56 of 2nd period - Jayson Megna is hit by William Nylander and loses puck.
7:18 of 2nd period - Snap shot by Dalton Smith.
7:18 of 2nd period - Stopped by Connor Hellebyuk with a rebound.
7:20 of 2nd period - Wrist shot by Connor Bunnaman.
7:20 of 2nd period - Shot Misses the Net.
7:22 of 2nd period - Snap shot by Connor Bunnaman.
7:22 of 2nd period - Deflect By Curtis Hamilton.
7:22 of 2nd period - Shot Misses the Net.
7:22 of 2nd period - Puck is out of play.
7:23 of 2nd period - Frederick Gaudreau wins face-off versus Dylan Strome in Penguins zone.
7:36 of 2nd period - Snap shot by Anthony Cirelli.
7:36 of 2nd period - Goal by Anthony Cirelli - Crunch : 4 - Penguins : 4.
7:37 of 2nd period - Jayson Megna wins face-off versus Iven Barbashev in neutral zone.
7:40 of 2nd period - Christopher Tanev is hit by Teemu Hartikainen and loses puck.
7:50 of 2nd period - Andrew O'Brien is hit by Roman Josi and loses puck.
7:53 of 2nd period - Snap shot by Cedric Paquette.
7:53 of 2nd period - Stopped by Kaapo Kahkonen without a rebound.
7:54 of 2nd period - Frederick Gaudreau wins face-off versus Anthony Cirelli in Crunch zone.
7:57 of 2nd period - Snap shot by Anthony Beauvillier.
7:57 of 2nd period - Goal by Anthony Beauvillier - Crunch : 4 - Penguins : 5.
7:58 of 2nd period - Cedric Paquette wins face-off versus Jayson Megna in neutral zone.
8:04 of 2nd period - Minor Penalty to Teemu Hartikainen for Tripping.
8:05 of 2nd period - Cedric Paquette wins face-off versus Pierre-Luc Dubois in Crunch zone.
8:05 of 2nd period - Wrist shot by Iven Barbashev.
8:05 of 2nd period - Shot Blocked by Jordan Oesterle.
8:07 of 2nd period - Wrist shot by Andrew O'Brien.
8:07 of 2nd period - Deflect By William Nylander.
8:07 of 2nd period - Shot Misses the Net.
8:07 of 2nd period - Puck is out of play.
8:08 of 2nd period - Pierre-Luc Dubois wins face-off versus Cedric Paquette in Crunch zone.
8:13 of 2nd period - Slapshot by Jordan Oesterle.
8:13 of 2nd period - Deflect By Brock Boeser.
8:13 of 2nd period - Shot Blocked by Christopher Tanev.
8:13 of 2nd period - Puck is out of play.
8:14 of 2nd period - Pierre-Luc Dubois wins face-off versus Cedric Paquette in Penguins zone.
8:41 of 2nd period - Wrist shot by William Nylander.
8:41 of 2nd period - Stopped by Kaapo Kahkonen with a rebound.
8:43 of 2nd period - Wrist shot by Cedric Paquette.
8:43 of 2nd period - Stopped by Kaapo Kahkonen with a rebound.
8:45 of 2nd period - Wrist shot by Iven Barbashev.
8:45 of 2nd period - Stopped by Kaapo Kahkonen without a rebound.
8:46 of 2nd period - Frederick Gaudreau wins face-off versus Dylan Strome in Crunch zone.
8:59 of 2nd period - Snap shot by Kyle Connor.
8:59 of 2nd period - Shot Blocked by Matt Roy.
9:01 of 2nd period - Snap shot by Kyle Connor.
9:01 of 2nd period - Goal by Kyle Connor - Crunch : 4 - Penguins : 6.
9:02 of 2nd period - William Nylander wins face-off versus Jayson Megna in neutral zone.
9:12 of 2nd period - Andrew O'Brien is hit by Roman Josi and loses puck.
9:17 of 2nd period - Wrist shot by William Nylander.
9:17 of 2nd period - Shot Blocked by Roman Josi.
9:27 of 2nd period - Christopher Tanev is hit by Dylan Strome.
9:34 of 2nd period - Off-side.
9:35 of 2nd period - Dylan Strome wins face-off versus Cedric Paquette in neutral zone.
10:08 of 2nd period - Snap shot by Jayson Megna.
10:08 of 2nd period - Shot Blocked by Dakota Mermis.
10:20 of 2nd period - Max Gortz is hit by Connor Bunnaman and loses puck.
10:27 of 2nd period - Slapshot by Dakota Mermis.
10:27 of 2nd period - Stopped by Kaapo Kahkonen with a rebound.
10:29 of 2nd period - Backhand shot by Max Gortz.
10:29 of 2nd period - Shot Misses the Net.
10:31 of 2nd period - Slapshot by Curtis Hamilton.
10:31 of 2nd period - Deflect By Adam Brooks.
10:31 of 2nd period - Shot Misses the Net.
10:31 of 2nd period - Puck is out of play.
10:32 of 2nd period - Jayson Megna wins face-off versus Cedric Paquette in Crunch zone.
10:32 of 2nd period - Jayson Megna is hit by William Nylander.
10:42 of 2nd period - Wrist shot by Iven Barbashev.
10:42 of 2nd period - Shot Blocked by Jordan Oesterle.
10:44 of 2nd period - Slapshot by Andrew O'Brien.
10:44 of 2nd period - Deflect By Jordan Oesterle.
10:44 of 2nd period - Stopped by Kaapo Kahkonen without a rebound.
10:45 of 2nd period - Jayson Megna wins face-off versus Cedric Paquette in Crunch zone.
10:45 of 2nd period - Jayson Megna is hit by Iven Barbashev.
11:34 of 2nd period - Curtis Hamilton is hit by Matt Roy and loses puck.
11:41 of 2nd period - Snap shot by Denis Gurianov.
11:41 of 2nd period - Stopped by Connor Hellebyuk without a rebound.
11:42 of 2nd period - Jayson Megna wins face-off versus Cedric Paquette in Penguins zone.
11:47 of 2nd period - Wrist shot by Teemu Hartikainen.
11:47 of 2nd period - Stopped by Connor Hellebyuk with a rebound.
11:55 of 2nd period - Snap shot by Gavin Bayreuther.
11:55 of 2nd period - Stopped by Kaapo Kahkonen without a rebound.
11:56 of 2nd period - Dylan Strome wins face-off versus Frederick Gaudreau in Crunch zone.
12:17 of 2nd period - Penalty Shot by Roman Josi for Crunch.
12:17 of 2nd period - Deke by Roman Josi.
12:17 of 2nd period - Goal by Roman Josi - Crunch : 5 - Penguins : 6.
12:18 of 2nd period - Jayson Megna wins face-off versus Cedric Paquette in neutral zone.
12:19 of 2nd period - Jayson Megna wins face-off versus William Nylander in Crunch zone.
12:26 of 2nd period - Snap shot by Jayson Megna.
12:26 of 2nd period - Shot Misses the Net.
12:28 of 2nd period - Snap shot by Teemu Hartikainen.
12:28 of 2nd period - Shot Misses the Net.
13:28 of 2nd period - Danny Biega is hit by Anatoli Golyshev and loses puck.
13:35 of 2nd period - Mitch Callahan is hit by Danny Biega and loses puck.
13:48 of 2nd period - Snap shot by Dylan Strome.
13:48 of 2nd period - Deflect By Michael Ferland.
13:48 of 2nd period - Shot Misses the Net.
13:48 of 2nd period - Puck is out of play.
13:49 of 2nd period - Dylan Strome wins face-off versus Cedric Paquette in Penguins zone.
15:25 of 2nd period - Slapshot by Christopher Tanev.
15:25 of 2nd period - Stopped by Kaapo Kahkonen without a rebound.
15:26 of 2nd period - Frederick Gaudreau wins face-off versus Teemu Hartikainen in Crunch zone.
15:29 of 2nd period - Snap shot by Kyle Connor.
15:29 of 2nd period - Stopped by Kaapo Kahkonen with a rebound.
15:35 of 2nd period - Dakota Mermis is hit by Jordan Oesterle and loses puck.
16:30 of 2nd period - Dylan Strome is hit by Iven Barbashev.
16:56 of 2nd period - Wrist shot by Iven Barbashev.
16:56 of 2nd period - Shot Misses the Net.
16:58 of 2nd period - Slapshot by Dakota Mermis.
16:58 of 2nd period - Stopped by Kaapo Kahkonen with a rebound.
17:08 of 2nd period - Michael Ferland is hit by Iven Barbashev and loses puck.
17:41 of 2nd period - Slapshot by Iven Barbashev.
17:41 of 2nd period - Stopped by Kaapo Kahkonen with a rebound.
17:43 of 2nd period - Wrist shot by Cedric Paquette.
17:43 of 2nd period - Deflect By Iven Barbashev.
17:43 of 2nd period - Stopped by Kaapo Kahkonen without a rebound.
17:44 of 2nd period - Jayson Megna wins face-off versus Frederick Gaudreau in Crunch zone.
18:41 of 2nd period - Icing by John Marino.
18:42 of 2nd period - Adam Brooks wins face-off versus Connor Bunnaman in Penguins zone.
19:06 of 2nd period - Curtis Hamilton is hit by Roman Josi.
19:20 of 2nd period - Wrist shot by Curtis Hamilton.
19:20 of 2nd period - Stopped by Kaapo Kahkonen with a rebound.
19:22 of 2nd period - Slapshot by Max Gortz.
19:22 of 2nd period - Stopped by Kaapo Kahkonen with a rebound.
19:24 of 2nd period - Slapshot by Christopher Tanev.
19:24 of 2nd period - Stopped by Kaapo Kahkonen with a rebound.
19:26 of 2nd period - Slapshot by Christopher Tanev.
19:26 of 2nd period - Stopped by Kaapo Kahkonen with a rebound.
19:28 of 2nd period - Slapshot by Andrew O'Brien.
19:28 of 2nd period - Stopped by Kaapo Kahkonen with a rebound.
19:30 of 2nd period - Wrist shot by Curtis Hamilton.
19:30 of 2nd period - Deflect By Teemu Hartikainen.
19:30 of 2nd period - Stopped by Kaapo Kahkonen without a rebound.
19:31 of 2nd period - Frederick Gaudreau wins face-off versus Connor Bunnaman in Crunch zone.
19:44 of 2nd period - Wrist shot by Denis Gurianov.
19:44 of 2nd period - Stopped by Connor Hellebyuk with a rebound.
19:46 of 2nd period - Wrist shot by Connor Bunnaman.
19:46 of 2nd period - Deflect By Christopher Tanev.
19:46 of 2nd period - Shot Misses the Net.
19:46 of 2nd period - Puck is out of play.
19:47 of 2nd period - Jayson Megna wins face-off versus Denis Malgin in Penguins zone.
19:48 of 2nd period - Snap shot by Brock Boeser.
19:48 of 2nd period - Shot Misses the Net.
19:50 of 2nd period - Snap shot by Teemu Hartikainen.
19:50 of 2nd period - Stopped by Connor Hellebyuk with a rebound.
19:52 of 2nd period - Snap shot by Jayson Megna.
19:52 of 2nd period - Stopped by Connor Hellebyuk without a rebound.
19:53 of 2nd period - Jayson Megna wins face-off versus Denis Malgin in Penguins zone.
Goals for this period are 3 for Crunch vs 2 for Penguins.
Shots for this period are 16 for Crunch vs 27 for Penguins.

3rd period


0:01 of 3rd period - Jayson Megna wins face-off versus William Nylander in neutral zone.
0:06 of 3rd period - Slapshot by Brock Boeser.
0:06 of 3rd period - Shot Misses the Net.
0:26 of 3rd period - Dalton Smith is hit by Adam Brooks and loses puck.
1:34 of 3rd period - Andrew O'Brien is hit by Noah Hanifin and loses puck.
1:39 of 3rd period - Wrist shot by Anatoli Golyshev.
1:39 of 3rd period - Stopped by Connor Hellebyuk without a rebound.
1:40 of 3rd period - Connor Bunnaman wins face-off versus Frederick Gaudreau in Penguins zone.
2:12 of 3rd period - William Nylander is hit by Michael Ferland and loses puck.
2:41 of 3rd period - Slapshot by Sam Kurker.
2:41 of 3rd period - Stopped by Kaapo Kahkonen with a rebound.
2:43 of 3rd period - Wrist shot by Denis Malgin.
2:43 of 3rd period - Stopped by Kaapo Kahkonen with a rebound.
2:45 of 3rd period - Wrist shot by Juuso Ikonen.
2:45 of 3rd period - Stopped by Kaapo Kahkonen without a rebound.
2:46 of 3rd period - Dylan Strome wins face-off versus Denis Malgin in Crunch zone.
2:46 of 3rd period - Dylan Strome is hit by Denis Malgin.
4:42 of 3rd period - Dalton Smith is hit by Iven Barbashev and loses puck.
5:21 of 3rd period - Slapshot by Dylan Strome.
5:21 of 3rd period - Shot Blocked by Max Gortz.
5:23 of 3rd period - Slapshot by Roman Josi.
5:23 of 3rd period - Stopped by Connor Hellebyuk with a rebound.
5:25 of 3rd period - Wrist shot by Anthony Cirelli.
5:25 of 3rd period - Deflect By Michael Ferland.
5:25 of 3rd period - Shot Blocked by Andrew O'Brien.
5:25 of 3rd period - Puck is out of play.
5:26 of 3rd period - Anthony Cirelli wins face-off versus Cedric Paquette in Penguins zone.
5:27 of 3rd period - Slapshot by Dylan Strome.
5:27 of 3rd period - Stopped by Connor Hellebyuk without a rebound.
5:28 of 3rd period - Cedric Paquette wins face-off versus Dylan Strome in Penguins zone.
6:16 of 3rd period - Off-side.
6:17 of 3rd period - Adam Brooks wins face-off versus Teemu Hartikainen in neutral zone.
6:19 of 3rd period - Gavin Bayreuther is hit by Jordan Oesterle and loses puck.
6:46 of 3rd period - Snap shot by Dylan Strome.
6:46 of 3rd period - Stopped by Connor Hellebyuk without a rebound.
6:47 of 3rd period - Jayson Megna wins face-off versus Cedric Paquette in Penguins zone.
6:50 of 3rd period - Snap shot by Teemu Hartikainen.
6:50 of 3rd period - Shot Misses the Net.
6:52 of 3rd period - Snap shot by Teemu Hartikainen.
6:52 of 3rd period - Shot Misses the Net.
6:54 of 3rd period - Slapshot by Noah Hanifin.
6:54 of 3rd period - Shot Misses the Net.
6:56 of 3rd period - Slapshot by Matt Roy.
6:56 of 3rd period - Shot Blocked by Christopher Tanev.
7:12 of 3rd period - Dylan Strome is hit by Frederick Gaudreau and loses puck.
7:21 of 3rd period - Snap shot by Dylan Strome.
7:21 of 3rd period - Shot Misses the Net.
7:39 of 3rd period - Slapshot by Christopher Tanev.
7:39 of 3rd period - Shot Misses the Net.
8:32 of 3rd period - Andrew O'Brien is hit by Dylan Strome and loses puck.
8:53 of 3rd period - Snap shot by Dylan Strome.
8:53 of 3rd period - Stopped by Connor Hellebyuk with a rebound.
9:20 of 3rd period - Snap shot by Dylan Strome.
9:20 of 3rd period - Goal by Dylan Strome - Crunch : 6 - Penguins : 6.
9:21 of 3rd period - Jayson Megna wins face-off versus Frederick Gaudreau in neutral zone.
9:26 of 3rd period - Snap shot by Teemu Hartikainen.
9:26 of 3rd period - Shot Misses the Net.
9:34 of 3rd period - Snap shot by Dakota Mermis.
9:34 of 3rd period - Shot Blocked by Jordan Oesterle.
9:58 of 3rd period - Slapshot by Gavin Bayreuther.
9:58 of 3rd period - Shot Misses the Net.
10:14 of 3rd period - Wrist shot by Curtis Hamilton.
10:14 of 3rd period - Stopped by Kaapo Kahkonen without a rebound.
10:15 of 3rd period - Frederick Gaudreau wins face-off versus Connor Bunnaman in Crunch zone.
11:02 of 3rd period - Snap shot by Dalton Smith.
11:02 of 3rd period - Stopped by Connor Hellebyuk without a rebound.
11:03 of 3rd period - Connor Bunnaman wins face-off versus Cedric Paquette in Penguins zone.
11:04 of 3rd period - Snap shot by Denis Gurianov.
11:04 of 3rd period - Stopped by Connor Hellebyuk with a rebound.
11:28 of 3rd period - Cedric Paquette is hit by Teemu Hartikainen and loses puck.
11:53 of 3rd period - Wrist shot by Anthony Beauvillier.
11:53 of 3rd period - Shot Misses the Net.
11:55 of 3rd period - Snap shot by Frederick Gaudreau.
11:55 of 3rd period - Deflect By Kyle Connor.
11:55 of 3rd period - Stopped by Kaapo Kahkonen without a rebound.
11:56 of 3rd period - Jayson Megna wins face-off versus Frederick Gaudreau in Crunch zone.
12:09 of 3rd period - Slapshot by Matt Roy.
12:09 of 3rd period - Stopped by Connor Hellebyuk without a rebound.
12:10 of 3rd period - Jayson Megna wins face-off versus Frederick Gaudreau in Penguins zone.
12:15 of 3rd period - Slapshot by Jayson Megna.
12:15 of 3rd period - Shot Blocked by Kyle Connor.
13:22 of 3rd period - Anatoli Golyshev is hit by Dakota Mermis and loses puck.
13:37 of 3rd period - Snap shot by Frederick Gaudreau.
13:37 of 3rd period - Stopped by Kaapo Kahkonen without a rebound.
13:38 of 3rd period - Dylan Strome wins face-off versus Frederick Gaudreau in Crunch zone.
13:44 of 3rd period - Off-side.
13:45 of 3rd period - Jayson Megna wins face-off versus Cedric Paquette in neutral zone.
14:21 of 3rd period - Minor Penalty to Gavin Bayreuther for Interference.
14:22 of 3rd period - Dylan Strome wins face-off versus Cedric Paquette in Penguins zone.
15:18 of 3rd period - Jayson Megna is hit by Frederick Gaudreau and loses puck.
16:21 of 3rd period - Penalty to Gavin Bayreuther is over, Gavin Bayreuther is back on ice.
18:25 of 3rd period - Icing by Dalton Smith.
18:26 of 3rd period - Frederick Gaudreau wins face-off versus Connor Bunnaman in Crunch zone.
18:41 of 3rd period - Slapshot by Dalton Smith.
18:41 of 3rd period - Shot Misses the Net.
18:43 of 3rd period - Snap shot by Denis Gurianov.
18:43 of 3rd period - Stopped by Connor Hellebyuk without a rebound.
18:44 of 3rd period - Cedric Paquette wins face-off versus Jayson Megna in Penguins zone.
19:26 of 3rd period - Noah Hanifin is hit by Iven Barbashev and loses puck.
Goals for this period are 1 for Crunch vs 0 for Penguins.
Shots for this period are 10 for Crunch vs 6 for Penguins.

Overtime #1


0:01 of 1st overtime period - William Nylander wins face-off versus Teemu Hartikainen in neutral zone.
0:13 of 1st overtime period - Snap shot by Brock Boeser.
0:13 of 1st overtime period - Deflect By Teemu Hartikainen.
0:13 of 1st overtime period - Shot Misses the Net.
0:13 of 1st overtime period - Puck is out of play.
0:14 of 1st overtime period - Teemu Hartikainen wins face-off versus Cedric Paquette in Penguins zone.
0:39 of 1st overtime period - Andrew O'Brien is hit by Jordan Oesterle and loses puck.
2:16 of 1st overtime period - Snap shot by Max Gortz.
2:16 of 1st overtime period - Shot Blocked by Anthony Cirelli.
2:18 of 1st overtime period - Snap shot by Christopher Tanev.
2:18 of 1st overtime period - Goal by Christopher Tanev - Crunch : 6 - Penguins : 7.
Goals for this period are 0 for Crunch vs 1 for Penguins.
Shots for this period are 0 for Crunch vs 1 for Penguins.